AoeStats
← adjorno

Pilgrims

508175121Analyzed
2v2 RM · 10d ago on Sep 21, 2026· 39m 0s· 4 players
Game mode
Random Map
Map size
Medium (4 player)
Population
200
Speed
Normal
Resources
Standard
Victory
Conquest
Starting age
Dark Age
Ending age
Imperial Age
RankedLock teamsTeams togetherTeam positionsShared explorationLock speedFull tech treeHidden civsTurbo modeCheats
Victory
Defeat
🇦🇷 Khmer · Argentina
1070
+16
🇨🇱 Britons · Chile
1053
+17
🇳🇱 Huns · Netherlands
1077
-17
🇫🇷 Dravidians · France
1068
-16
fabyyyy1
8:12 Loom
10:26 Feudal Age
11:03 Double-Bit Axe
10:39 Man-at-Arms
13:29 Fishing Lines
16:51 Fletching
19:11 Horse Collar
24:22 Castle Age
22:20 Gold Mining
23:02 Stone Mining
23:43 Padded Archer Armor
25:41 Medium Warships
25:21 Elite Skirmisher
26:43 Gold Shaft Mining
26:04 Gillnets
28:23 Wheelbarrow
31:23 Imperial Age
29:13 Bodkin Arrow
29:35 Bow Saw
30:32 Town Watch
31:35 Hand Cart
31:38 Leather Archer Armor
31:34 Forging
34:12 Conscription
33:13 Elite Longbowman
33:50 Pikeman
35:25 Halberdier
36:06 Squires
PTAR2 | Cesar556
11:32 Loom
16:07 Feudal Age
17:28 Fletching
17:47 Double-Bit Axe
19:36 Fishing Lines
20:11 Padded Archer Armor
23:05 Castle Age
24:16 Medium Warships
24:20 Gold Mining
25:59 Gillnets
29:34 Wheelbarrow
38:01 Imperial Age
36:24 Scale Barding Armor
36:51 Husbandry
37:05 Forging
Bug Spencer
4:30 Loom
11:09 Feudal Age
11:40 Double-Bit Axe
12:31 Town Watch
19:28 Fletching
21:35 Wheelbarrow
29:43 Castle Age
27:54 Horse Collar
33:39 Castle Age
32:56 Gold Mining
32:58 Stone Mining
38:00 Hand Cart
37:35 Man-at-Arms
38:02 Gambesons
38:18 Squires
38:20 Scale Mail Armor
38:30 Forging
adjorno
5:09 Loom
12:17 Feudal Age
12:55 Double-Bit Axe
12:59 Town Watch
14:06 Fishing Lines
16:43 Castle Age
14:59 Stone Mining
15:48 Gold Mining
17:49 Bow Saw
17:38 Gillnets
20:18 Wheelbarrow
21:01 Medium Warships
20:56 Fletching
22:39 Padded Archer Armor
22:43 Husbandry
23:26 Gold Shaft Mining
24:25 Hand Cart
24:43 Bloodlines
25:08 Bodkin Arrow
29:03 Imperial Age
27:12 Leather Archer Armor
26:56 Murder Holes
26:50 Horse Collar
27:51 Heavy Plow
29:15 Ballistics
30:35 Bracer
30:27 Cavalier
31:36 Parthian Tactics
31:36 Pikeman
32:16 Halberdier
37:41 Heavy Cavalry Archer
Connection lost

Rejoining the realm…

Still unreachable

The connection could not be restored.

Session expired

The server has moved on; the page needs a fresh start.